 Dungeon Crawl Stone Soup version 0.29.0-4-gdea44cf6ec (webtiles) character file.

Game seed: 3686457570770808025

34 qw the Chopper (level 3, -8/21 HPs)
             Began as a Tengu Warper on Aug 28, 2022.
             Killed by nerve-wracking pain
             ... invoked by an orc priest
              (14 damage)
             ... on level 3 of the Dungeon.
             The game lasted 00:00:05 (1195 turns).

qw the Chopper (Tengu Warper)                       Turns: 1195, Time: 00:00:06

Health: -8/21      AC:  5    Str: 13    XL:     3   Next: 31%
Magic:  7/7        EV: 11    Int: 13    God:
Gold:   106        SH:  0    Dex: 13    Spells: 6/6 levels left

rFire   . . .      SeeInvis .   Y - +0 hand axe
rCold   . . .      Faith    .   (no shield)
rNeg    . . .      Spirit   .   f - +0 ring mail
rPois   .          Reflect  .   (helmet restricted)
rElec   .          Harm     .   (no cloak)
rCorr   .          Rampage  .   (no gloves)
Will    .....                   (boots unavailable)
Stlth   +.........              (no amulet)
HPRegen 0.07/turn               (no ring)
MPRegen 0.10/turn               (no ring)

@: no status effects
A: beak, talons 3
a: no special abilities


You were on level 3 of the Dungeon.
You visited 1 branch of the dungeon, and saw 3 of its levels.

You collected 106 gold pieces.


Innate Abilities, Weirdness & Mutations

You have a beak for a mouth.
You have claws for feet.


   Skills:
 - Level 2.0 Fighting
 + Level 4.0 Axes
 - Level 1.0 Throwing
 - Level 1.1 Armour
 - Level 2.1 Dodging
 - Level 2.0 Spellcasting
 - Level 2.4 Translocations


You had 6 spell levels left.
You didn't know any spells.
Your spell library contained the following spells:

 Spells                   Type           Power      Damage    Failure   Level
 Blink                    Tloc           14%        N/A       30%         2
 Gell's Gravitas          Tloc           7%         N/A       52%         3
 Lesser Beckoning         Tloc           7%         N/A       52%         3
 Teleport Other           Tloc           7%         N/A       52%         3
 Manifold Assault         Tloc           7%         N/A       99%         5

Inventory:

Hand Weapons
 Y - a +0 hand axe (weapon)
Armour
 f - a +0 ring mail (worn)
Scrolls
 e - a scroll of teleportation
Potions
 i - a potion of attraction {unknown}

Dungeon Overview and Level Annotations

Branches:
Dungeon (2/15)

Altars:


Message History

1184 ||| Stepping ~*~*~tactically~*~*~ (hiding).
You hit the orc but do no damage. You claw the orc.
You peck the orc, but do no damage.
The orc is almost dead.
The orc closely misses you.
You hit the orc but do no damage.
The orc is almost dead.
The orc hits you with a +0 short sword.
You hit the orc.
You kill the orc!
Your Axes skill increases to level 4!
1188 ||| Stepping ~*~*~tactically~*~*~ (hiding).
You barely miss the orc. Your kick misses the orc.
The orc hits you but does no damage. x2
You hit the orc. Your kick misses the orc. You peck the orc.
The orc is severely wounded.
The orc priest casts a cantrip, but nothing happens.
The orc closely misses you.
You barely miss the orc. Your peck misses the orc.
The orc is severely wounded.
The orc hits you with a +0 falchion.
You barely miss the orc. Your peck misses the orc.
The orc is severely wounded.
You hit the orc priest.
The orc priest hits you with a +0 flail.
The orc hits you with a +0 falchion.
You hit the orc.
You kill the orc!
You hit the orc priest but do no damage.
The orc priest hits you with a +0 flail.
You hit the orc priest. Your kick misses the orc priest.
Your peck misses the orc priest.
The orc priest is severely wounded.
The orc priest hits you with a +0 flail.
You closely miss the orc priest.
The orc priest is severely wounded.
The orc priest mumbles some strange prayers to Beogh against you.
Pain shoots through your body!
Ouch! That really hurt!
You die...

###...#####
###.........###
###.....#..##...# ###
#####.....#...#..##.#....
##.......#...#...#).......
#..##..#...#...#..)#......
#.#..#...#...#...#...#....
#..#...#...#...#o..#...#..
#....#...#...#.@)#..o#....
#..#...#...#...#...#$..#..
#....#...#...#...#...#....
#..#...#...# ..#...#...#.
#...:#...#...#...#...#..
#..#.%.#...#...#...#...#
##...#...#...#...#...#.
#.#...#...#...#.. #..
#...#...#..


You could see an orc priest.

Vanquished Creatures
  A worm (D:2)
  4 orcs (D:3)
  2 ball pythons
  2 endoplasms
  3 giant cockroaches (D:1)
  2 hobgoblins
  2 jackals (D:1)
  A kobold (D:1)
  A quokka (D:1)
  3 bats
  A frilled lizard (D:3)
  2 rats
24 creatures vanquished.

Vanquished Creatures (others)
  7 plants (D:2)
7 creatures vanquished.

Grand Total: 31 creatures vanquished

Notes
Turn   | Place    | Note
-------+----------+-------------------------------------------
     0 | D:1      | qw the Tengu Warper began the quest for the Orb.
     0 | D:1      | Reached XP level 1. HP: 12/12 MP: 4/4
     0 | D:1      | 0 ||| qw: Version: 0.1-a-89-g26bdef1
     0 | D:1      | 0 ||| qw: Game counter: 2512
     0 | D:1      | 0 ||| qw: Always use a shield: true
     0 | D:1      | 0 ||| qw: God list: Okawaru
     0 | D:1      | 0 ||| qw: Allow faded altars: false
     0 | D:1      | 0 ||| qw: Do Orc after D:15 true
     0 | D:1      | 0 ||| qw: Do second Lair branch before Depths: true
     0 | D:1      | 0 ||| qw: Lair rune preference: random
     0 | D:1      | 0 ||| qw: Plans: Normal
     0 | D:1      | 0 ||| PLANNING D:1-11
    15 | D:1      | Found a faded altar of an unknown god.
   214 | D:1      | Reached skill level 3 in Axes
   214 | D:1      | Reached XP level 2. HP: 17/17 MP: 6/6
   777 | D:1      | 777 ||| UPGRADING to +0 ring mail.
   787 | D:1      | 787 ||| DROPPING +0 leather armour.
   788 | D:1      | 788 ||| READING scroll labelled HETUOZ ERCHI.
   789 | D:1      | 789 ||| READING 3 scrolls labelled HAOPROLUS.
   792 | D:1      | 792 ||| READING scroll labelled HOCWE ZE VEKUPH.
   793 | D:1      | 793 ||| READING scroll labelled GAYSTUA GYCI.
   794 | D:1      | 794 ||| DROPPING scroll of blinking.
   795 | D:1      | 795 ||| READING 2 scrolls of teleportation.
   818 | D:2      | 818 ||| STAIRDANCE
  1058 | D:2      | You fall into a shaft and drop 1 floor!
  1067 | D:3      | Reached XP level 3. HP: 21/21 MP: 7/7
  1181 | D:3      | 1181 ||| Stepping ~*~*~tactically~*~*~ (stealth).
  1182 | D:3      | 1182 ||| Stepping ~*~*~tactically~*~*~ (stealth).
  1183 | D:3      | 1183 ||| Stepping ~*~*~tactically~*~*~ (stealth).
  1184 | D:3      | 1184 ||| Stepping ~*~*~tactically~*~*~ (hiding).
  1188 | D:3      | Reached skill level 4 in Axes
  1188 | D:3      | 1188 ||| Stepping ~*~*~tactically~*~*~ (hiding).
  1195 | D:3      | Killed from afar by an orc priest

Levels and vault maps discovered:
D:1:      dpeg_arrival_lava_temple_mockup, layout_loops_ring,
          basic_ecumenical_altar
D:2:      layout_loops_corners, minmay_lizard_king
D:3:      layout_rooms, serial_shops, shop, hangedman_decor_growths,
          serial_bayou_pond_c, hex_large

Skill      XL: |  1  2  3 |
---------------+----------+-----
Axes           | 3 4 |  4.0
Fighting       | |  2.0
Throwing       | |  1.0
Armour         | |  1.1
Dodging        | |  2.1
Spellcasting   | |  2.0
Translocations | |  2.4

Action                   || total
-------------------------++-------
Melee: Hand axe          ||    50
       Kick              ||    14
       Peck              ||    10
Throw: Boomerang         ||     7
  Use: Scroll            ||     5
Armor: Leather armour    ||     3
       Ring mail         ||     9
Dodge: Dodged            ||    22

Table legend:
 A = Non-vault XP
 B = Vault XP
 C = Vault XP percentage of total XP
 D = Non-vault monster count
 E = Vault monster count
 F = Vault count percentage of total count
                 A         B        C        D         E       F
            +---------+---------+-------+---------+---------+-------
      Total |      49 |       0 |   0.0 |      24 |       0 |   0.0
            +---------+---------+-------+---------+---------+-------
        D:1 |      23 |       0 |   0.0 |      13 |       0 |   0.0
        D:2 |      10 |       0 |   0.0 |       4 |       0 |   0.0
        D:3 |      16 |       0 |   0.0 |       7 |       0 |   0.0
            +---------+---------+-------+---------+---------+-------
